Map: Romanticide LE

Players

rubyjanevil - Winner!

  • Race: Terran Terran

VOD

Have the link to the VOD?

Description

Time

  • Played on: June 10, 2021, 10:22 p.m.
  • Length: 8:02
Show
View Real Time Build Order
Export as new Build Order

rubyjanevil Terran - Winner!

Build Orders: Gas First Reaper Expand, Liberator Opening 

Get SALT Encoding   

  12  0:02  SCV  
  12  0:14  SCV  
  12  0:17  Supply Depot  
  12  0:26  SCV  
  12  0:29  Refinery  
  12  0:39  SCV  
  12  0:45  Barracks  
  12  0:51  SCV  
  12  1:03  SCV  
  12  1:15  SCV  
  12  1:33  Reaper, Orbital Command  
  12  1:42  Command Center  
  12  1:53  Factory  
  12  1:59  SCV  
  12  2:03  Refinery  
  12  2:07  Barracks Reactor  
  12  2:11  SCV  
  12  2:16  Supply Depot  
  12  2:23  SCV  
  12  2:37  Factory Tech Lab  
  12  2:38  SCV  
  12  2:41  Starport  
  12  2:45  Marine  
  12  2:46  Marine  
  12  2:50  SCV  
  12  2:56  Orbital Command  
  12  3:02  SCV  
  12  3:05  Marine x2  
  12  3:09  Siege Tank  
  12  3:15  SCV  
  12  3:23  SCV  
  12  3:27  SCV, Marine x2  
  12  3:30  Liberator  
  12  3:36  SCV, Supply Depot  
  12  3:40  Supply Depot  
  12  3:45  Marine x2  
  12  3:48  SCV  
  12  3:49  SCV  
  12  3:57  Siege Tank  
  12  4:00  SCV, Supply Depot  
  12  4:05  Barracks  
  12  4:10  Barracks  
  12  4:11  Marine  
  12  4:14  SCV  
  12  4:18  Starport Reactor  
  12  4:21  SCV  
  12  4:26  SCV, Refinery  
  12  4:28  Refinery  
  12  4:29  Siege Tank  
  12  4:32  Marine x2  
  12  4:35  SCV  
  12  4:38  SCV  
  12  4:39  Supply Depot  
  12  4:47  SCV  
  12  4:50  SCV  
  12  4:54  Barracks, Barracks Tech Lab  
  12  4:58  Marine, Barracks Tech Lab  
  12  5:00  SCV, Barracks  
  12  5:05  Engineering Bay  
  12  5:09  Siege Tank  
  12  5:12  SCV  
  12  5:13  SCV  
  12  5:17  Supply Depot  
  12  5:20  Stimpack  
  12  5:23  Combat Shield  
  12  5:26  SCV  
  12  5:27  SCV  
  12  5:30  Medivac  
  12  5:34  Terran Infantry Weapons Level 1  
  12  5:35  Marine  
  12  5:37  Marine  
  12  5:38  Marine  
  12  5:43  Supply Depot  
  12  5:44  Barracks Reactor  
  12  5:49  Siege Tank  
  12  5:53  Marine  
  12  5:55  Barracks Reactor  
  12  5:59  Marine x2  
  12  6:00  Marine, Supply Depot  
  12  6:04  Medivac  
  12  6:10  Supply Depot  
  12  6:11  Medivac, Marine  
  12  6:17  Marine x2  
  12  6:21  Marine x3  
  12  6:26  Siege Tank  
  12  6:29  Marine  
  12  6:31  Supply Depot  
  12  6:32  Marine x2  
  12  6:35  Supply Depot, Marine x2  
  12  6:39  Medivac  
  12  6:43  Marine x3  
  12  6:47  Marine  
  12  6:49  Marine  
  12  6:51  Marine  
  12  6:54  Supply Depot  
  12  6:55  Marine x2  
  12  7:00  Marine  
  12  7:01  Supply Depot  
  12  7:09  Marine x3  
  12  7:25  Marine x4  
  12  7:26  Marine  
  12  7:30  Medivac x2, Marine  
  12  7:32  Marine x2  
  12  7:43  Marine x3  
Tags
 
Add a new tag
Caveats
  • Supply blocks, unpowered buildings, or Contaminate may cause inaccurate times.
  • Supply counts are checked every 10 seconds.